 Dungeon Crawl Stone Soup version 0.25.1-2-g60ff931df9 (webtiles) character file.

Game seed: 9475124246222841685

41 Doot the Stinger (level 3, -4/24 HPs)
             Began as a Demonspawn Venom Mage on Sept 12, 2020.
             Slain by an orc priest
             ... wielding a +0 morningstar
              (6 damage)
             ... on level 3 of the Dungeon.
             The game lasted 00:02:06 (1570 turns).

Doot the Stinger (Demonspawn Venom Mage)            Turns: 1570, Time: 00:02:06

Health: -4/24      AC:  2    Str:  8    XL:     3   Next: 32%
Magic:  0/6        EV: 12    Int: 17    God:
Gold:   122        SH:  0    Dex: 13    Spells: 3/6 levels left

rFire    . . .     SeeInvis .   l - +0 flail (protect)
rCold    . . .     Gourm    .   (no shield)
rNeg     . . .     Faith    .   a - +0 robe
rPois    .         Spirit   .   (no helmet)
rElec    .         Reflect  .   (no cloak)
rCorr    .         Harm     .   (no gloves)
MR       .....                  (no boots)
Stlth    ++........             (no amulet)
HPRegen  0.08/turn              (no ring)
MPRegen  0.10/turn              (no ring)

@: no status effects
A: hooves 1
a: no special abilities


You were on level 3 of the Dungeon.
You were not hungry.

You visited 1 branch of the dungeon, and saw 3 of its levels.

You collected 122 gold pieces.

Inventory:

Hand Weapons
 b - a +0 dagger
 i - a +0 whip
 l - a +0 flail of protection (weapon)
Armour
 a - a +0 robe (worn)
Jewellery
 g - a +6 ring of strength {unknown}
Scrolls
 d - 5 scrolls of identify {unknown}
 e - 2 scrolls of remove curse {unknown}
 f - a scroll of teleportation {unknown}
Potions
 h - a potion of might {unknown}
 j - a potion of invisibility {unknown}
Comestibles
 c - 7 rations
 k - 4 chunks of flesh


   Skills:
 + Level 2.0 Dodging
 + Level 2.0 Stealth
 + Level 2.4 Spellcasting
 + Level 1.2 Transmutations
 + Level 3.7 Poison Magic


You had 3 spell levels left.
You knew the following spells:

 Your Spells              Type           Power        Failure   Level  Hunger
a - Sting                 Tmut/Pois      ##..         7%          1    #......
b - Poisonous Vapours     Pois/Air       #.....       13%         2    ##.....

Your spell library contained the following spells:

 Spells                   Type           Power        Failure   Level  Hunger
 Ignite Poison            Fire/Tmut/Pois #.......     28%         3    ###....
 Mephitic Cloud           Conj/Pois/Air  #.......     32%         3    ###....
 Olgreb's Toxic Radiance  Pois           ##......     36%         4    #####..


Dungeon Overview and Level Annotations

Branches:
Dungeon (3/15)

Altars:
Hepliaklqana


Innate Abilities, Weirdness & Mutations

You have large cloven feet.


Message History

Okay, then.
Casting: Sting (safe; 7% risk of failure)
Confirm with . or Enter, or press ? or * to list all spells.
Aiming: Sting (safe; 7% risk of failure)
Press: ? - help, Shift-Dir - straight line, f/p - orc priest
Aim: an orc priest, wielding a +0 morningstar and wearing a +0 leather armour (heavily wounded, very poisoned)
The sting hits the orc priest.
The orc priest looks even sicker.
The orc priest is heavily wounded.
The orc priest completely misses you.
Unknown command.
Casting: Sting (safe; 7% risk of failure)
Confirm with . or Enter, or press ? or * to list all spells.
Aiming: Sting (safe; 7% risk of failure)
Press: ? - help, Shift-Dir - straight line, f/p - orc priest
Aim: an orc priest, wielding a +0 morningstar and wearing a +0 leather armour (heavily wounded, very poisoned)
The sting hits the orc priest.
The orc priest looks as sick as possible!
The orc priest is severely wounded.
The orc priest hits you with a +0 morningstar.
You die...

.# #.# #.#
#####.# #.....#
#.....# #..)..#
#.....#######.#
#...<.o@......#
#.#÷###########
#.#.# #.#.#
..#.# # #÷# #.#
#.######
#.....÷# #


You could see an orc priest (extremely poisoned).

Vanquished Creatures
  3 adders
  2 orcs (D:3)
  3 hobgoblins (D:2)
  2 jackals (D:2)
  A bat (D:3)
  2 kobolds
13 creatures vanquished.

Notes
Turn   | Place    | Note
-------+----------+-------------------------------------------
     0 | D:1      | Doot the Demonspawn Venom Mage began the quest for the Orb.
     0 | D:1      | Reached XP level 1. HP: 13/13 MP: 3/3
   299 | D:1      | You fall into a shaft and drop 1 floor!
   409 | D:2      | Found a hazy altar of Hepliaklqana.
   614 | D:2      | Reached skill level 1 in Transmutations
   614 | D:2      | Gained mutation: You have large cloven feet. [demonic
                  | ancestry]
   614 | D:2      | Reached XP level 2. HP: 11/19 MP: 1/5
   751 | D:2      | Learned a level 2 spell: Poisonous Vapours
  1371 | D:3      | Reached XP level 3. HP: 14/24 MP: 2/6
  1565 | D:3      | HP: 1/24 [orc priest/+0 morningstar (4)]
  1570 | D:3      | Slain by an orc priest

Illustrated notes

Levels and vault maps discovered:
D:1:      dpeg_arrival_yet_another_circle, layout_loops_corners
D:2:      layout_basic, overflow_temple_1_default, minivault_19
D:3:      layout_loops_ring

Skill      XL: |  1  2 |
---------------+-------+-----
Transmutations | 1 |  1.2
Stealth        | 2 |  2.0
Dodging        | 2 |  2.0
Spellcasting   | |  2.4
Poison Magic   | |  3.7

Action                   || total
-------------------------++-------
 Cast: Sting             ||    30
       Poisonous Vapours ||     2
  Eat: Chunk             ||     2
Armor: Robe              ||     3
Dodge: Dodged            ||    10
